 Dungeon Crawl Stone Soup version 0.32-a0-732-ga344392067 (webtiles) character file.

Game seed: 11289805304941317245

68 Crownlay the Chopper (level 4, -6/40 HPs)
             Began as a Mountain Dwarf Fighter on Mar 16, 2024.
             Mangled by an orc
             ... wielding a +1 dagger of electrocution
              (15 damage)
             ... on level 3 of the Dungeon.
             The game lasted 00:02:30 (1485 turns).

Crownlay the Chopper (Mountain Dwarf Fighter)       Turns: 1485, Time: 00:02:31

Health: -6/40      AC:  8    Str: 21    XL:     4   Next: 1%
Magic:  4/4        EV:  8    Int:  8    God:
Gold:   24         SH:  4    Dex:  9    Spells: 3/3 levels left

rFire   . . .        a - +0 war axe
rCold   + . .        c - +0 buckler
rNeg    . . .        j - +2 scale mail {rC+}
rPois   .            (no helmet)
rElec   .            (no cloak)
rCorr   .            (no gloves)
SInv    +            (no boots)
Will    .....        (no amulet) Stlth
                     g - ring of wizardry
HPRegen 0.26/turn    k - ring of see invisible
MPRegen 0.09/turn

%: wizardry (x1)
@: no status effects
A: runic magic, artefact enchanting
a: Convert to Beogh


You were on level 3 of the Dungeon.
You visited 1 branch of the dungeon, and saw 3 of its levels.

You collected 24 gold pieces.

Inventory:

Hand Weapons
 a - a +0 war axe (weapon)
Armour
 c - a +0 buckler (worn)
 j - a +2 scale mail of cold resistance (worn)
Jewellery
 g - a ring of wizardry (left hand)
 k - a ring of see invisible (right hand)
Scrolls
 b - a scroll of enchant weapon {unknown}
 e - 2 scrolls of identify {unknown}
 f - 2 scrolls of teleportation {unknown}
Potions
 d - 2 potions of might
 h - a potion of mutation {unknown}
 i - a potion of berserk rage {unknown}


   Skills:
 + Level 3.8 Fighting
 * Level 3.9 Axes
 - Level 3.4 Armour
 + Level 3.8 Shields
 - Level 0.3 Spellcasting


You had 3 spell levels left.
You didn't know any spells.
Your spell library contained the following spells:

 Spells                   Type           Power      Damage    Failure   Level
 Hailstorm                Conj/Ice       0%         3d5       58%         3
 Summon Ice Beast         Ice/Summ       0%         N/A       58%         3
 Permafrost Eruption      Ice/Erth       0%         2x4d2     100%        6
 Sculpt Simulacrum        Ice/Alch       0%         N/A       100%        6


Dungeon Overview and Level Annotations

Branches:
Dungeon (3/15)

Altars:

Shops:
D:2 [


Innate Abilities, Weirdness & Mutations

Your spellcasting is much less encumbered by armour.
You can use scrolls of enchantment on lesser artefacts.


Message History

An orc and an orc priest come into view.
The orc is wielding a +1 dagger of electrocution.
The orc shouts!
The orc priest shouts!
You slash the orc!
You kill the orc!
You have reached level 4!
You feel stronger.
A kobold comes into view. It is wielding a +0 short sword.
The kobold shouts!
The orc hits you but does no damage.
Things that are here:
a +0 flail; a +0 ring mail; an orc corpse You hit the orc but do no damage.
The orc misses you. The orc priest closely misses you.
You closely miss the orc.
The orc priest calls down the wrath of Beogh upon you.
Beogh smites you!
You hit the orc but do no damage. You hit the kobold but do no damage.
The orc priest hits you from afar with a +0 trident.
The orc closely misses you. The kobold barely misses you.
The orc priest hits you from afar with a +0 trident.
The kobold hits you but does no damage. The orc hits you but does no damage.
You are electrocuted!
* * * LOW HITPOINT WARNING * * *
The orc priest shouts, "The Pantheon deserves no one's loyalty.
Let us show you the true path!" (press Y on the ability menu to convert to Beogh)
There are monsters nearby!
Okay, then.
The orc priest shouts, "Beogh offers mercy even to people such as you.
Join us and be reborn!"
You hit the kobold.
You kill the kobold!
You barely miss the orc. The orc priest barely misses you.
The orc hits you with a +1 dagger of electrocution.
* * * LOW HITPOINT WARNING * * *
You hit the orc.
The orc is heavily wounded.
The orc priest calls upon Beogh to heal the orc.
The orc's wounds heal themselves!
The orc hits you but does no damage. x2
You are electrocuted!
You die...

#.#.###...#
#.#...###.#
#..##<.# .
##.###>#
#..##.#
##.##.### #
#......##.#
####......####
###@o......
#.)<######
#.#.o. #.
##..# .. #..#
.## #.# # .# #


You could see an orc priest and an orc.

Vanquished Creatures
  2 adders (D:2)
  2 dart slugs
  2 ribbon worms (D:2)
  An orc (D:3)
  7 endoplasms
  2 giant cockroaches (D:1)
  2 goblins
  3 hobgoblins
  2 quokkas
  6 ball pythons
  A frilled lizard (D:2)
  5 kobolds
  5 rats
40 creatures vanquished.

Notes
Turn   | Place    | Note
-------+----------+-------------------------------------------
     0 | D:1      | Crownlay the Mountain Dwarf Fighter began the quest for the
                  | Orb.
     0 | D:1      | Reached XP level 1. HP: 19/19 MP: 1/1
   125 | D:1      | Reached XP level 2. HP: 26/26 MP: 2/2
   593 | D:2      | Reached XP level 3. HP: 31/31 MP: 3/3
   627 | D:2      | Found Ysehadyd's Antique Armour Boutique.
  1480 | D:3      | Reached XP level 4. HP: 40/40 MP: 4/4
  1485 | D:3      | Mangled by an orc

Illustrated notes

Levels and vault maps discovered:
D:1:      mrwooster_arrival_statue, layout_basic
D:2:      layout_loops_ring, serial_shops, nicolae_shop_stone, serial_rivers,
          chequers_serial_rivers_micro_e, chequers_serial_rivers_large_a,
          chequers_serial_rivers_micro_c, chequers_serial_rivers_large_b,
          chequers_serial_rivers_micro_a, chequers_serial_rivers_small_a
D:3:      layout_rooms, amcnicky_altar_gilded, uniq_terence

Skill      XL: |  1  2 |
---------------+-------+-----
Axes           | 3 |  3.9
Fighting       | |  3.8
Armour         | |  3.4
Shields        | |  3.8
Spellcasting   | |  0.3

Action                     |  1- 3 |  4- 6 || total
---------------------------+-------+-------++-------
  Melee: War axe           |   136 |     5 ||   141
 Armour: Scale mail        |   106 |     8 ||   114
  Dodge: Dodged            |    52 |     5 ||    57
  Block: Buckler           |    22 |       ||    22

Table legend: (Time is in decaauts)
 A = Elapsed time spent in this place.
 B = Non-inter-level travel time spent in this place.
 C = Inter-level travel time spent in this place.
 D = Time resting spent in this place.
 E = Time spent auto-exploring this place.
 F = Levels seen in this place.
 G = Mean time per level.
                   A        B        C        D        E       F      G
               +--------+--------+--------+--------+--------+-----+--------+
         Total |   1596 |   1567 |     29 |      0 |   1231 |   3 |  532.0 |
       Dungeon |   1596 |   1567 |     29 |      0 |   1231 |   3 |  532.0 |
               +--------+--------+--------+--------+--------+-----+--------+

Top non-repeatable levels by time:
     D:2: 1048 daAuts
     D:1: 516 daAuts
     D:3: 31 daAuts
